 Dungeon Crawl Stone Soup version 0.27-a0-906-g0a00ce863d (webtiles) character file.

Game seed: 5133480597841179108

6624 wakim the Martial Artist (level 11, -4/65 (67) HPs)
             Began as an Octopode Transmuter on Apr 7, 2021.
             Was a Priest of Nemelex Xobeh.
             Slain by an orc warrior
             ... wielding a +0 glaive of venom
              (11 damage)
             ... on level 8 of the Dungeon.
             The game lasted 00:38:02 (11869 turns).

wakim the Martial Artist (Octopode Transmuter)     Turns: 11869, Time: 00:38:03

HP:   -4/65 (67)    AC:  2    Str:  9    XL:     11   Next: 2%
MP:   13/15         EV: 31    Int: 19    God:    Nemelex Xobeh [***...]
Gold: 333           SH:  0    Dex: 24    Spells: 7/16 levels left

rFire    . . .     SeeInvis +     - Unarmed
rCold    + . .     Faith    .   (shield currently unavailable)
rNeg     . . .     Spirit   .   (helmet currently unavailable)
rPois    x         Reflect  .   (no amulet)
rElec    .         Harm     .   d - +4 ring of evasion
rCorr    .         Rampage  .   q - ring of protection from cold
Will     .....                  u - ring of wizardry
Stlth    +++.......             a - ring of see invisible
HPRegen  0.20/turn              y - +6 ring of dexterity
MPRegen  0.14/turn              (no ring)
                                (no ring)
                                (no ring)

@: lethally poisoned (-4 -> -12), spider-form, lightly drained
A: venomous fangs, almost no armour, (amphibious), 8 rings, tiny, (camouflage
1), (gelatinous body 1), (nimble swimmer 1), (tentacles)
a: End Transformation, Renounce Religion, Draw Escape, Draw Destruction, Draw
Summoning, Triple Draw


You were on level 8 of the Dungeon.
You worshipped Nemelex Xobeh.
Nemelex Xobeh was most pleased with you.
You were a venomous arachnid creature.
You visited 1 branch of the dungeon, and saw 8 of its levels.
You also visited: Ossuary.

You collected 387 gold pieces.
You spent 54 gold pieces at shops.

Inventory:

Missiles
 c - 19 boomerangs
 g - 28 poisoned darts (quivered)
 i - 6 atropa-tipped darts
Armour
 e - a +1 buckler (melded)
 C - a +2 hat (melded)
Jewellery
 a - a ring of see invisible (on tentacle)
 d - a +4 ring of evasion (left front leg)
 q - a ring of protection from cold (right front leg)
 u - a ring of wizardry (on tentacle)
 y - a +6 ring of dexterity (on tentacle)
Wands
 t - a wand of digging (4)
 v - a wand of flame (21)
 x - a wand of iceblast (7)
 z - a wand of polymorph (6)
Scrolls
 b - 3 scrolls of amnesia
 l - a scroll of enchant armour
 T - 2 scrolls of teleportation
 X - 2 scrolls of fog
Potions
 f - a potion of mutation {unknown}
 j - 2 potions of lignification {unknown}
 k - 3 potions of heal wounds {unknown}
 m - 2 potions of haste {unknown}
 n - a potion of brilliance {unknown}
 o - a potion of magic {unknown}
 p - a potion of cancellation {unknown}
 r - a potion of flight {unknown}
 s - a potion of resistance {unknown}
 w - a potion of degeneration {unknown}
 A - a potion of invisibility {unknown}
 B - 2 potions of berserk rage {unknown}
 N - 5 potions of might


   Skills:
 + Level 3.6 Fighting
 * Level 7.5 Dodging
 - Level 4.0 Stealth
 - Level 4.0 Shields
 * Level 10.0 Unarmed Combat
 - Level 3.0 Spellcasting
 + Level 7.5 Transmutations
 - Level 4.0 Poison Magic
 - Level 4.0 Invocations


You had 7 spell levels left.
You knew the following spells:

 Your Spells              Type           Power      Damage    Failure   Level
a - Beastly Appendage     Tmut           62%        N/A       1%          1
b - Hydra Form            Tmut           15%        N/A       16%         5
x - Spider Form           Tmut/Pois      12%        N/A       5%          3

Your spell library contained the following spells:

 Spells                   Type           Power      Damage    Failure   Level
 Wereblood                Tmut           31%        N/A       2%          2
 Magic Dart               Conj           8%         1d3       14%         1
 Blink                    Tloc           N/A        N/A       19%         2
 Call Imp                 Summ           2%         N/A       19%         2
 Slow                     Hex            2%         N/A       19%         2
 Mephitic Cloud           Conj/Pois/Air  7%         N/A       21%         3
 Ice Form                 Ice/Tmut       17%        N/A       26%         4
 Conjure Flame            Conj/Fire      2%         6-21      32%         3


Dungeon Overview and Level Annotations

Branches:
Dungeon (8/15)             Temple (0/1) D:6         Ossuary (visited)
   Lair: D:8-11

Altars:
Cheibriados
Dithmenos
Gozag
Hepliaklqana
Kikubaaqudgha
Nemelex Xobeh
Qazlal
Sif Muna

Shops:
D:3 [   D:5 :


Innate Abilities, Weirdness & Mutations

You are a venomous arachnid creature.
You have poisonous fangs.
You are tiny and dextrous.
Your spellcasting is less reliable in this form.
Your armour is entirely melded.
You are incapable of wielding weapons or throwing items.
You cannot wear most types of armour.
((You are amphibious.))
You can wear up to eight rings at the same time.
((Your skin changes colour to match your surroundings (Stealth+).))
((Your rubbery body absorbs attacks. (AC +1, EV +1)))
((You are camouflaged near water. (Stealth+)))
((You have tentacles for arms and can constrict up to eight enemies at once.))


Message History

Things that are here:
a +0 robe; a +0 dagger An orc is nearby!
An orc warrior is nearby!
The orc warrior shouts!
You hear a shout!
Casting: Hydra Form (dangerous; 8% risk of failure)
Confirm with . or Enter, or press ? or * to list all spells.
You turn into a venomous arachnid creature.
Your +2 hat melds into your body.
Your +1 buckler melds into your body.
The orc warrior hits you from afar with a +0 glaive of venom!
The orc warrior closely misses you.
You barely miss the orc warrior.
The orc warrior hits you with a +0 glaive of venom!
You are lethally poisoned!
The orc shouts!
You hit the orc warrior.
The orc warrior is lightly wounded.
You feel extremely sick.
You hear a shout! x3
The orc warrior misses you.
* * * LOW HITPOINT WARNING * * *
You feel extremely sick. The orc warrior completely misses you.
* * * LOW HITPOINT WARNING * * *
You feel very sick.
You see here a +0 mace.
* * * LOW HITPOINT WARNING * * *
You feel very sick.
Things that are here:
a +0 war axe; an orc skeleton
* * * LOW HITPOINT WARNING * * *
You feel very sick.
* * * LOW HITPOINT WARNING * * *
You feel very sick.
You draw a card...
You have drawn the Cloud.
Clouds appear around you!
* * * LOW HITPOINT WARNING * * *
You feel sick.
The orc warrior hits you from afar with a +0 glaive of venom!
You die...
Your body disappears without a glow.

##.#...# #####...........
##..#...###...##..........
#.........#......#........
###.##....#......#..###...
####..#.##....o......#.###.
##.#.....##...)..##......#
#..##....##.§o...#####......
#........###§##.....# #.###.
##.<.).[.[#s.##....## ..#
##..##.#.#)..#....## #
##.####..##..#....##
####.....#....#...#
#.........[##.<.##
##..#...........##
##.#.......#.....
####.....#.^.^..
#.....≈.#^...


You could see an orc warrior.

Vanquished Creatures
  Gastronok (D:8)
  Joseph (D:7)
  Prince Ribbit (D:6)
  Sigmund (D:3)
  4 yaks
  A steam dragon (D:8)
  Edmund (D:6)
  Menkaure (D:6)
  An orc warrior (D:8)
  3 ice beasts
  A black bear (D:8)
  A sky beast (D:6)
  2 necrophages
  An ogre (D:7)
  A centaur (D:7)
  A gnoll sergeant (D:6)
  A wyvern zombie (D:8)
  A scorpion (D:4)
  2 water moccasin zombies (Ossuary)
  A water moccasin skeleton (D:4)
  9 killer bees
  5 wights (D:8)
  3 howler monkeys (D:7)
  6 bullfrog zombies
  3 centaur zombies
  3 orc priests
  A bullfrog skeleton (D:7)
  A hound (D:5)
  A centaur skeleton (D:4)
  17 mummies (Ossuary)
  4 iguanas
  6 orc wizards
  Natasha (twice) (D:3)
  4 killer bee zombies (Ossuary)
  A hound zombie (D:5)
  A hound skeleton (D:4)
  2 howler monkey zombies
  5 gnolls
  6 adders
  4 white imps
  An adder skeleton (D:4)
  3 worms
  A dart slug (D:4)
  15 orcs
  2 ball pythons
  3 bats (D:1)
  6 endoplasms
  5 giant cockroaches
  5 goblins
  10 hobgoblins
  8 jackals
  2 quokkas
  3 frilled lizards
  12 kobolds
  2 rats
189 creatures vanquished.

Vanquished Creatures (collateral kills)
  Duvessa (D:6)
  Dowan (D:6)
  A centaur zombie (D:6)
  A bullfrog skeleton (D:6)
4 creatures vanquished.

Vanquished Creatures (others)
  7 plants
  9 withered plants (Ossuary)
16 creatures vanquished.

Grand Total: 209 creatures vanquished

Notes
Turn   | Place    | Note
-------+----------+-------------------------------------------
     0 | D:1      | wakim the Octopode Transmuter began the quest for the Orb.
     0 | D:1      | Reached XP level 1. HP: 13/13 MP: 3/3
    96 | D:1      | Reached skill level 1 in Stealth
    98 | D:1      | Reached XP level 2. HP: 16/18 MP: 5/5
   556 | D:1      | Reached XP level 3. HP: 23/23 MP: 6/6
   560 | D:1      | Learned a level 3 spell: Spider Form
  1018 | D:2      | Found a faded altar of an unknown god.
  1022 | D:2      | Became a worshipper of Nemelex Xobeh the Trickster
  1022 | D:2      | Reached * piety under Nemelex Xobeh
  1510 | D:2      | Reached XP level 4. HP: 28/28 MP: 5/7
  1554 | D:2      | Received a gift from Nemelex Xobeh
  2297 | D:3      | Reached ** piety under Nemelex Xobeh
  2334 | D:3      | Found Tuniwk's Armour Emporium.
  2383 | D:3      | Bought a +0 buckler for 54 gold pieces
  2596 | D:3      | Noticed Natasha
  2810 | D:3      | Received a gift from Nemelex Xobeh
  2893 | D:3      | Noticed Sigmund
  3334 | D:4      | Reached skill level 4 in Unarmed Combat
  3445 | D:4      | Reached skill level 1 in Shields
  3445 | D:4      | Reached XP level 5. HP: 27/33 MP: 5/8
  3709 | D:4      | Reached XP level 6. HP: 33/38 MP: 7/9
  3765 | D:4      | Found Teeguine's Assorted Antiques.
  4567 | D:4      | Received a gift from Nemelex Xobeh
  4671 | D:3      | Killed Natasha
  5048 | D:4      | Reached skill level 5 in Unarmed Combat
  5060 | D:4      | Reached XP level 7. HP: 7/43 MP: 5/10
  5082 | D:3      | Noticed Natasha
  5331 | D:3      | Killed Natasha
  5511 | D:5      | Entered Level 5 of the Dungeon
  5528 | D:5      | Found Babutax's Book Emporium.
  5567 | D:5      | Found a sand-covered staircase.
  5647 | D:5      | Reached *** piety under Nemelex Xobeh
  5660 | D:5      | Reached skill level 1 in Poison Magic
  5671 | Ossuary  | Entered an ossuary
  5733 | Ossuary  | Reached skill level 6 in Unarmed Combat
  5883 | Ossuary  | Reached XP level 8. HP: 14/48 MP: 8/11
  6613 | Ossuary  | Learned a level 5 spell: Hydra Form
  6772 | D:5      | Found an opulent altar of Gozag.
  6898 | D:5      | Reached skill level 7 in Unarmed Combat
  7252 | D:6      | Noticed Dowan
  7257 | D:6      | Noticed Duvessa
  7263 | D:6      | Killed Dowan
  7265 | D:6      | Reached skill level 1 in Invocations
  7265 | D:6      | Killed Duvessa
  7437 | D:6      | Found a shimmering blue altar of Sif Muna.
  7463 | D:6      | Noticed Menkaure
  7470 | D:6      | Killed Menkaure
  7471 | D:6      | Reached skill level 5 in Transmutations
  7471 | D:6      | Reached XP level 9. HP: 53/53 MP: 10/12
  7513 | D:6      | Found an ancient bone altar of Kikubaaqudgha.
  7912 | D:6      | Reached skill level 8 in Unarmed Combat
  8014 | D:6      | Noticed Edmund
  8159 | D:6      | Killed Edmund
  8266 | D:6      | Found a staircase to the Ecumenical Temple.
  8325 | D:6      | Noticed Prince Ribbit
  8469 | D:6      | Received a gift from Nemelex Xobeh
  8609 | D:3      | Killed Sigmund
  8610 | D:3      | Reached skill level 5 in Dodging
  8892 | D:6      | Killed Prince Ribbit
  9299 | D:7      | Reached XP level 10. HP: 49/60 MP: 8/13
  9850 | D:7      | Noticed Joseph
 10172 | D:7      | Reached skill level 9 in Unarmed Combat
 10457 | D:7      | Found a snail-covered altar of Cheibriados.
 10457 | D:7      | Received a gift from Nemelex Xobeh
 10461 | D:7      | Found a shadowy altar of Dithmenos.
 10469 | D:7      | Found a hazy altar of Hepliaklqana.
 10531 | D:7      | Killed Joseph
 10841 | D:8      | Found a stormy altar of Qazlal.
 10855 | D:8      | Noticed Gastronok
 11242 | D:8      | Killed Gastronok
 11569 | D:8      | Reached skill level 10 in Unarmed Combat
 11693 | D:8      | Reached XP level 11. HP: 66/67 MP: 4/15
 11869 | D:8      | Slain by an orc warrior

Illustrated notes

Levels and vault maps discovered:
D:1:      dpeg_arrival_orchard, layout_basic
D:2:      layout_loops_cross, basic_ecumenical_altar, wad_woods_river_04
D:3:      layout_loops_corners, serial_shops, shop,
          chequers_serial_rivers_small_b, minivault_5, uniq_sigmund,
          uniq_natasha
D:4:      layout_basic, serial_shops, nicolae_shop_overgrown_old_shop,
          minmay_unequal
D:5:      layout_loops_cross, lemuel_round_altar, serial_shops, shop,
          enter_ossuary_2
D:6:      layout_basic, nicolae_kikubaaqudgha_miasma_corner,
          kennysheep_mini_moat, minmay_temple_entry_statues_fountains,
          minmay_misc_feat_more_columns, uniq_prince_ribbit1, uniq_edmund,
          uniq_duvessa, uniq_menkaure
D:7:      layout_cave_pools, minitemple, eino_jars, uniq_joseph
D:8:      layout_cave_pools, grunt_qazlal_sundering, uniq_gastronok

Skill      XL: |  1  2  3  4  5  6  7  8  9 10 |
---------------+-------------------------------+-----
Stealth        | 1 2 3 4 |  4.0
Unarmed Combat | 4 5 6 7 8 10 | 10.0
Shields        | 1 2 4 |  4.0
Poison Magic   | 2 4 |  4.0
Dodging        | 3 4 5 7 |  7.5
Transmutations | 3 5 6 7 |  7.5
Invocations    | 1 3 4 |  4.0
Fighting       | 3 |  3.6
Spellcasting   | 3 |  3.0

Action                   |  1- 3 |  4- 6 |  7- 9 | 10-12 || total
-------------------------+-------+-------+-------+-------++-------
Melee: Unarmed           |    68 |   108 |   334 |   155 ||   665
       Kick              |    18 |    18 |    33 |       ||    69
       Constrict         |    17 |    13 |    26 |       ||    56
       Tentacles         |     7 |    14 |    30 |     1 ||    52
       Punch             |     1 |     2 |     5 |     1 ||     9
Throw: Boomerang         |    30 |    36 |       |       ||    66
       Dart              |       |     4 |       |       ||     4
 Cast: Beastly Appendage |    23 |    24 |    15 |       ||    62
       Spider Form       |       |     9 |    24 |    16 ||    49
       Hydra Form        |       |       |     3 |     8 ||    11
Invok: Draw Summoning    |       |       |     1 |     1 ||     2
       Draw Escape       |       |       |       |     2 ||     2
  Use: Scroll            |     3 |     3 |     8 |     2 ||    16
       Potion            |       |     1 |     2 |     2 ||     5
 Stab: Sleeping          |     7 |     4 |     2 |       ||    13
Armor: Skin              |     4 |     4 |    20 |    18 ||    46
Dodge: Dodged            |    40 |    71 |   236 |   149 ||   496
Block: Buckler           |       |     8 |    22 |     4 ||    34

Table legend: (Time is in decaauts)
 A = Elapsed time spent in this place.
 B = Non-inter-level travel time spent in this place.
 C = Inter-level travel time spent in this place.
 D = Time resting spent in this place.
 E = Time spent auto-exploring this place.
 F = Levels seen in this place.
 G = Mean time per level.
                   A        B        C        D        E       F      G
               +--------+--------+--------+--------+--------+-----+--------+
         Total |  11831 |  11192 |    639 |    920 |   7677 |   9 | 1314.6 |
       Dungeon |  10910 |  10271 |    639 |    581 |   7508 |   8 | 1363.8 |
       Ossuary |    920 |    920 |      0 |    339 |    169 |   1 |  920.0 |
               +--------+--------+--------+--------+--------+-----+--------+

Top non-repeatable levels by time:
     D:4: 2298 daAuts
     D:7: 1876 daAuts
     D:6: 1822 daAuts
     D:3: 1411 daAuts
     D:2: 1067 daAuts
     D:1: 964 daAuts
 Ossuary: 920 daAuts
     D:5: 853 daAuts
     D:8: 616 daAuts
